 Dungeon Crawl Stone Soup version 0.23.0-3-gf3c87f2 (webtiles) character file.

Game seed: 5832744280087355894

81 Borgoz the Sneak (level 4, -8/34 HPs)
             Began as a Ghoul Enchanter on Feb 24, 2019.
             Killed by divine providence
             ... invoked by an orc priest
              (12 damage)
             ... on level 3 of the Dungeon.
             The game lasted 00:05:16 (1938 turns).

Borgoz the Sneak (Ghoul Enchanter)                  Turns: 1938, Time: 00:05:16

Health: -8/34      AC:  3    Str: 11    XL:     4   Next: 42%
Magic:  3/5        EV: 17    Int: 10    God:
Gold:   116        SH:  0    Dex: 15    Spells: 3/6 levels left

rFire    . . .     SeeInvis +   a - +1 dagger
rCold    + . .     Gourm    .   (no shield)
rNeg     + + +     Faith    .   f - +1 robe
rPois    ∞         Spirit   .   (no helmet)
rElec    .         Reflect  .   (no cloak)
rCorr    .         Harm     .   (no gloves)
MR       .....                  (no boots)
Stlth    +++++.....             (no amulet)
HPRegen  0.00/turn              h - ring of stealth
MPRegen  0.09/turn              k - ring of see invisible

@: agile, rotting
A: rotting body, claws 1, carnivore, cold resistance 1, negative energy
resistance 3, inhibited regeneration, torment resistance, unbreathing
a: no special abilities


You were on level 3 of the Dungeon.
You were not hungry.

You visited 1 branch of the dungeon, and saw 3 of its levels.

You collected 116 gold pieces.

Inventory:

Hand Weapons
 a - a +1 dagger (weapon)
 b - a +0 blowgun
Missiles
 e - 44 poisoned needles
Armour
 f - a +1 robe (worn)
 l - a +0 pair of boots
Jewellery
 c - an uncursed ring of protection from fire
 h - a ring of stealth (left claw)
 k - a ring of see invisible (right claw)
Scrolls
 i - 2 scrolls of remove curse
Comestibles
 d - 2 rations
 g - 3 chunks of flesh


   Skills:
 + Level 0.8 Fighting
 * Level 2.2 Short Blades
 - Level 1.7 Dodging
 + Level 4.0 Stealth
 - Level 1.7 Spellcasting
 + Level 3.1 Hexes


You had 3 spell levels left.
You knew the following spells:

 Your Spells              Type           Power        Failure   Level  Hunger
a - Corona                Hex            #......      9%          1    ##.....
b - Ensorcelled Hibernat  Hex/Ice        #.....       26%         2    ###....

Your spell library contained the following spells:

 Spells                   Type           Power        Failure   Level  Hunger
 Confuse                  Hex            #.......     26%         3    ####...
 Tukima's Dance           Hex            #.......     26%         3    ####...
 Dazzling Spray           Conj/Hex       #.....       45%         3    ####...


Dungeon Overview and Level Annotations

Branches:
Dungeon (3/15)

Altars:
Uskayaw
Vehumet
The Shining One


Innate Abilities, Weirdness & Mutations

Your body is rotting away.
You thrive on raw meat.
You are immune to poison.
You have sharp fingernails.
You are carnivorous and can eat meat at any time.
Your flesh is cold resistant. (rC+)
You are immune to negative energy. (rN+++)
You do not regenerate when monsters are visible.
You are immune to unholy pain and torment.
You can survive without breathing.


Message History

You feel agile all of a sudden. The orc misses you.
The orc priest barely misses you.
You hit the orc priest but do no damage.
The orc barely misses you.
You closely miss the orc priest.
The orc priest invokes the aid of Beogh against you.
Beogh smites you!
* * * LOW HITPOINT WARNING * * *
The orc hits you.
* * * LOW HITPOINT WARNING * * *
Unknown command.
Casting: Ensorcelled Hibernation (safe; 26% risk of failure)
Confirm with . or Enter, or press ? or * to list all spells.
Aiming: Ensorcelled Hibernation (safe; 26% risk of failure)
Press: ? - help, Shift-Dir - straight line, f - orc priest
Aim: an orc priest, wielding a +0 flail and wearing a +0 ring mail (chance to defeat MR: 36%)
The orc priest easily resists.
The orc priest mumbles some strange prayers to Beogh against you.
Beogh smites you!
You die...

###.##.# .. #....# #.
#######...# ##.###
#.......... ....
..####.#### ..# ##.#
##.# #..#
#######..########.##
#....o@.....[.....#
?..###o###.....>..######
#o #.............#
#+###.........###(.
+...........#
###.........#
#....÷....#
###........##
..........##


You could see an orc priest and 2 orcs.

Vanquished Creatures
  3 adders
  A worm (D:2)
  2 dart slugs
  2 leopard geckos (D:1)
  3 orcs
  8 bats
  A goblin (D:1)
  6 hobgoblins
  2 jackals (D:1)
  2 quokkas
  A ball python (D:1)
  3 frilled lizards
  8 kobolds
  3 rats (D:1)
45 creatures vanquished.

Notes
Turn   | Place    | Note
-------+----------+-------------------------------------------
     0 | D:1      | Borgoz the Ghoul Enchanter began the quest for the Orb.
     0 | D:1      | Reached XP level 1. HP: 14/14 MP: 2/2
    38 | D:1      | Reached skill level 1 in Short Blades
   268 | D:2      | Reached XP level 2. HP: 11/20 MP: 3/3
   285 | D:2      | Found a radiant altar of Vehumet.
   438 | D:1      | Reached XP level 3. HP: 23/26 MP: 1/4
   442 | D:1      | Learned a level 2 spell: Ensorcelled Hibernation
  1454 | D:2      | Found a glowing golden altar of the Shining One.
  1454 | D:2      | Found a hide-covered altar of Uskayaw.
  1456 | D:2      | Reached XP level 4. HP: 34/34 MP: 5/5
  1730 | D:3      | Reached skill level 4 in Stealth
  1938 | D:3      | Killed from afar by an orc priest

Skill      XL: |  1  2  3  4 |
---------------+-------------+-----
Short Blades   | 1 2 |  2.2
Hexes          | 3 |  3.1
Stealth        | 4 |  4.0
Fighting       | |  0.8
Dodging        | |  1.7
Spellcasting   | |  1.7

Action                   |  1- 3 |  4- 6 || total
-------------------------+-------+-------++-------
Melee: Dagger            |   145 |    49 ||   194
 Cast: Corona            |     6 |       ||     6
       Ensorcelled Hiber |     4 |     3 ||     7
  Use: Scroll            |     5 |     1 ||     6
       Potion            |     3 |     1 ||     4
 Stab: Sleeping          |     6 |     4 ||    10
  Eat: Chunk             |    18 |     6 ||    24
Armor: Robe              |    38 |     7 ||    45
Dodge: Dodged            |    93 |    20 ||   113
